 Dungeon Crawl Stone Soup version 0.17.2 (webtiles) character file.

147 kaze the Skirmisher (level 5, 0/34 HPs)
             Began as a Gargoyle Berserker on May 5, 2016.
             Was a Believer of Trog.
             Slain by a worm (1 damage)
             ... on level 3 of the Dungeon.
             The game lasted 00:03:46 (1830 turns).

kaze the Skirmisher (Gargoyle Berserker)            Turns: 1830, Time: 00:03:46

Health: 0/34       AC: 12    Str: 22    XL:     5   Next: 29%
Magic:  5/5        EV: 10    Int:  7    God:    Trog [**....]
Gold:   108        SH:  0    Dex:  9    Spells: 0 memorised, 4 levels left

rFire  + . .     SeeInvis .     a - +0 spear
rCold  . . .     Clarity  .     m - +0 scale mail
rNeg   + + .     SustAt   .     (no shield)
rPois  ∞         Gourm    .     (no helmet)
rElec  +         Spirit   .     g - +1 cloak
rCorr  .         Warding  .     (no gloves)
rMut   .         Stasis   .     (no boots)
MR     .....                    (no amulet)
Stlth  ..........               l - ring of protection from fire
                                i - ring of positive energy

@: not resistant to hostile enchantments, extremely unstealthy
A: negative energy resistance 1, electricity resistance, unbreathing,
petrification resistance, rot immunity, AC +4
a: Berserk, Trog's Hand, Burn Spellbooks, Renounce Religion


You were on level 3 of the Dungeon.
You worshipped Trog.
Trog was pleased with you.
You were very hungry.

You visited 1 branch of the dungeon, and saw 3 of its levels.

You collected 108 gold pieces.

Inventory:

Hand Weapons
 a - a +0 spear (weapon)
Missiles
 o - 4 javelins of returning (quivered)
Armour
 g - a +1 cloak (worn)
 m - a +0 scale mail (worn)
Jewellery
 e - an uncursed ring of protection from magic
 i - a ring of positive energy (left hand)
 l - a ring of protection from fire (right hand)
 u - a cursed ring of loudness {unknown}
Wands
 r - a wand of fire (6)
Scrolls
 f - a scroll of amnesia {unknown}
 k - a scroll of teleportation
 p - 2 scrolls of remove curse {unknown}
 s - a scroll of noise {unknown}
 t - 2 scrolls of identify
Potions
 d - a potion of brilliance {unknown}
 j - a potion of degeneration {unknown}
 n - a potion of ambrosia {unknown}
 q - a potion of invisibility {unknown}
Comestibles
 b - 2 meat rations
 c - 3 bread rations
 h - 2 beef jerkies


   Skills:
 + Level 4.3 Fighting
 + Level 3.9 Polearms
 + Level 0.1 Throwing
 + Level 2.5 Armour
 + Level 2.3 Dodging
 + Level 1.2 Stealth


You had 4 spell levels left.
You didn't know any spells.

Dungeon Overview and Level Annotations

Branches:
Dungeon (3/15)

Altars:


Innate Abilities, Weirdness & Mutations

You are resistant to torment.
Your stone body is resilient (AC +4).
You are immune to poison.
You resist negative energy.
You are resistant to electric shocks.
You can survive without breathing.
You are immune to petrification.
You are immune to rotting.


Message History

You are too injured to fight recklessly!
You are too injured to fight recklessly!
You are too injured to fight recklessly!
You are too injured to fight recklessly!
You are too injured to fight recklessly!
You are too injured to fight recklessly!
You are too injured to fight recklessly!
You are too injured to fight recklessly!
You are too injured to fight recklessly!
You are too injured to fight recklessly!
You are too injured to fight recklessly!
You are too injured to fight recklessly!
You are too injured to fight recklessly!
You barely miss the worm. The rat barely misses you.
You barely miss the worm. The worm bites you!
* * * LOW HITPOINT WARNING * * *
You barely miss the worm. The rat bites you.
* * * LOW HITPOINT WARNING * * *
The worm bites you.
You die...

.[...<#^# #.#
#######.###.#. .≈≈≈≈≈.≈≈
####...#.#.♣≈≈.≈≈.≈≈♣
#....#.#.#..≈w♣≈≈≈≈.≈
####.##.#.#.#..≈.≈≈≈≈≈≈.
.....##...#.#<.♣≈≈P≈.≈≈♣
.##########.#...♣≈≈≈≈≈≈≈
.# #...........r†P..♣P.
.####.#####.#...@.......
.>..........'....w......
#####.#.##..#...........
#.#.....#######.##..
#......## .# # ########
#


You could see a worm and a rat.

Vanquished Creatures
  An orc priest (D:3)
  6 adders
  2 worms (D:3)
  8 orcs (D:3)
  A ball python (D:3)
  A giant cockroach (D:1)
  4 goblins
  4 hobgoblins
  3 jackals (D:2)
  9 bats
  A giant newt (D:3)
  4 kobolds
  7 rats
51 creatures vanquished.

Notes
Turn   | Place    | Note
--------------------------------------------------------------
     0 | D:1      | kaze the Gargoyle Berserker began the quest for the Orb.
     0 | D:1      | Reached XP level 1. HP: 14/14 MP: 1/1
   159 | D:1      | Reached XP level 2. HP: 19/19 MP: 2/2
   870 | D:2      | Reached ** piety under Trog
   870 | D:2      | Reached XP level 3. HP: 24/24 MP: 3/3
  1003 | D:2      | Reached skill level 4 in Fighting
  1284 | D:3      | Reached XP level 4. HP: 26/29 MP: 4/4
  1384 | D:3      | Reached skill level 1 in Stealth
  1732 | D:3      | Reached XP level 5. HP: 30/33 MP: 5/5
  1830 | D:3      | HP: 1/34 [rat (1)]
  1830 | D:3      | Slain by a worm

Action                   |  1- 3 |  4- 6 || total
-------------------------+-------+-------++-------
Melee: Spear             |   126 |   113 ||   239
Throw: Javelin           |       |     4 ||     4
Invok: Berserk           |       |     2 ||     2
  Use: Scroll            |     3 |       ||     3
 Stab: Sleeping          |     1 |       ||     1
  Eat: Chunk             |       |     4 ||     4
